 Dungeon Crawl Stone Soup version 0.23.2-33-g5129a83184 (webtiles) character file.

Game seed: 15643935945904544026

43 Folque the Chiller (level 3, -1/26 HPs)
             Began as a Demonspawn Ice Elementalist on June 29, 2019.
             Slain by a hobgoblin
             ... wielding a +0 club
              (3 damage)
             ... on level 2 of the Dungeon.
             The game lasted 00:03:02 (1263 turns).

Folque the Chiller (Demonspawn Ice Elementalist)    Turns: 1263, Time: 00:03:02

Health: -1/26      AC:  2    Str:  8    XL:     3   Next: 37%
Magic:  7/7        EV: 12    Int: 17    God:
Gold:   34         SH:  0    Dex: 13    Spells: 4/7 levels left

rFire    . . .     SeeInvis .   d - +0 hand axe
rCold    . . .     Gourm    .   (no shield)
rNeg     . . .     Faith    .   a - +0 robe
rPois    .         Spirit   .   (no helmet)
rElec    .         Reflect  .   (no cloak)
rCorr    .         Harm     .   (no gloves)
MR       .....                  (no boots)
Stlth    ++........             (no amulet)
HPRegen  0.08/turn              (no ring)
MPRegen  0.10/turn              (no ring)

@: no status effects
A: hooves 1
a: no special abilities


You were on level 2 of the Dungeon.
You were hungry.

You visited 1 branch of the dungeon, and saw 2 of its levels.

You collected 34 gold pieces.

Inventory:

Hand Weapons
 d - a +0 hand axe (weapon)
Armour
 a - a +0 robe (worn)
Jewellery
 i - an uncursed ring of protection from cold {unknown}
Scrolls
 f - a scroll of amnesia {unknown}
 h - 2 scrolls of remove curse {unknown}
Potions
 e - a potion of magic {unknown}
 g - a potion of agility {unknown}
Comestibles
 b - 2 chunks of flesh
 c - a ration


   Skills:
 + Level 1.3 Fighting
 - Level 1.7 Dodging
 - Level 1.7 Stealth
 * Level 2.9 Spellcasting
 - Level 1.0 Conjurations
 + Level 3.1 Ice Magic


You had 4 spell levels left.
You knew the following spells:

 Your Spells              Type           Power        Failure   Level  Hunger
a - Freeze                Ice            ##..         4%          1    #......
b - Throw Frost           Conj/Ice       #.....       12%         2    ##.....

Your spell library contained the following spells:

 Spells                   Type           Power        Failure   Level  Hunger
 Ozocubu's Armour         Chrm/Ice       #.......     28%         3    ###....
 Throw Icicle             Conj/Ice       #.......     58%         4    #####..
 Summon Ice Beast         Ice/Summ       #.......     67%         4    #####..


Dungeon Overview and Level Annotations

Branches:
Dungeon (2/15)

Altars:


Innate Abilities, Weirdness & Mutations

You have large cloven feet.


Message History

You barely miss the hobgoblin.
The hobgoblin is moderately wounded.
You barely miss the hobgoblin. The hobgoblin hits you with a +0 club.
The hobgoblin misses you.
The hobgoblin hits you but does no damage.
You barely miss the goblin. You kick the goblin.
The goblin is heavily wounded.
You hit the hobgoblin. You barely miss the hobgoblin.
The hobgoblin barely misses you. The goblin hits you but does no damage.
A goblin comes into view.
The hobgoblin hits you with a +0 club.
The goblin shouts!
You hit the goblin.
You kill the goblin!
You hit the hobgoblin. x2; The hobgoblin hits you with a +0 club.
* * * LOW HITPOINT WARNING * * *
The hobgoblin hits you with a +0 club.
* * * LOW HITPOINT WARNING * * *
The hobgoblin hits you with a +0 club.
You die...

.......######....######.........
#####....).......#####..#.......
#.###......#.<.............. #.#
#.>......÷..#####(......
#..........##..## #.######
..###########÷.## #.# #.# ##...#
.# #. ######g.#?# #.....@##.#
......)g.#.. ..%.......#..
#.........##.. ..%..%....# ##.
#(.g......# #.........#
##.......##


You could see 2 hobgoblins and a goblin.

Vanquished Creatures
  An adder (D:2)
  A dart slug (D:1)
  9 bats
  2 giant cockroaches (D:1)
  3 hobgoblins
  A frilled lizard (D:2)
  5 goblins
  2 kobolds (D:1)
  7 rats
31 creatures vanquished.

Notes
Turn   | Place    | Note
-------+----------+-------------------------------------------
     0 | D:1      | Folque the Demonspawn Ice Elementalist began the quest for
                  | the Orb.
     0 | D:1      | Reached XP level 1. HP: 13/13 MP: 3/3
   319 | D:1      | Gained mutation: You have large cloven feet. [demonic
                  | ancestry]
   319 | D:1      | Reached XP level 2. HP: 20/20 MP: 1/5
   323 | D:1      | Learned a level 2 spell: Throw Frost
   642 | D:1      | Reached skill level 1 in Fighting
   666 | D:1      | Reached skill level 3 in Ice Magic
   984 | D:2      | Reached XP level 3. HP: 13/26 MP: 2/7
  1263 | D:2      | Slain by a hobgoblin

Skill      XL: |  1  2 |
---------------+-------+-----
Fighting       | 1 |  1.3
Ice Magic      | 3 |  3.1
Dodging        | |  1.7
Stealth        | |  1.7
Spellcasting   | |  2.9
Conjurations   | |  1.0

Action                   || total
-------------------------++-------
Melee: Unarmed           ||    24
       Hand axe          ||    45
       Kick              ||    11
 Cast: Freeze            ||    18
       Throw Frost       ||     2
 Stab: Sleeping          ||     1
  Eat: Chunk             ||     1
Armor: Robe              ||    19
Dodge: Dodged            ||    51
